Map: Ruins of Seras

Players

tyapulin

  • Race: Protoss Protoss
  • League: Diamond

Wellmet - Winner!

  • Race: Terran Terran
  • League: Diamond

VOD

Have the link to the VOD?

Description

Time

  • Played on: Nov. 15, 2015, 1:18 a.m.
  • Length: 5:54
Show
View Real Time Build Order
Export as new Build Order

tyapulin Protoss 

Build Orders:  

Get SALT Encoding   

  12  0:09  Pylon  
  12  0:15  Probe (Chrono Boost)  
  13  0:25  Probe (Chrono Boost)  
  14  0:36  Probe (Chrono Boost)  
  14  0:42  Forge  
  15  1:02  Pylon  
  15  1:33  Pylon  
  15  1:47  Pylon  
  15  1:59  Probe (Chrono Boost)  
  15  2:06  Gateway  
  15  2:08  Assimilator  
  15  2:09  Nexus  
  15  2:10  Probe (Chrono Boost)  
  15  2:13  Assimilator  
  16  2:20  Probe (Chrono Boost)  
  17  2:29  Pylon  
  17  2:31  Probe (Chrono Boost)  
  18  2:41  Probe (Chrono Boost)  
  19  2:46  Pylon  
  19  2:57  Cybernetics Core  
  19  3:02  Probe (Chrono Boost)  
  21  3:13  Probe (Chrono Boost)  
  21  3:23  Probe (Chrono Boost)  
  21  3:25  Photon Cannon  
  22  3:34  Probe (Chrono Boost)  
  23  3:36  Mothership Core (Chrono Boost)  
  25  3:44  Probe (Chrono Boost)  
  25  3:46  Warp Gate (Chrono Boost)  
  26  3:55  Probe (Chrono Boost)  
  26  3:59  Probe (Chrono Boost)  
  27  4:06  Probe (Chrono Boost)  
  29  4:10  Probe (Chrono Boost)  
  29  4:17  Probe (Chrono Boost)  
  30  4:20  Probe (Chrono Boost)  
  30  4:22  Robotics Facility  
  31  4:27  Probe (Chrono Boost)  
  31  4:31  Probe (Chrono Boost)  
  33  4:37  Pylon  
  33  4:49  Pylon  
  33  4:50  Probe (Chrono Boost)  
  33  4:52  Assimilator  
  34  4:54  Assimilator  
  34  4:55  Probe (Chrono Boost)  
  35  5:01  Pylon  
  35  5:03  Probe (Chrono Boost)  
  36  5:08  Robotics Facility  
  36  5:10  Probe (Chrono Boost)  
  36  5:12  Observer  
  36  5:14  Probe (Chrono Boost)  
  39  5:19  Probe (Chrono Boost)  
  40  5:24  Probe  
  41  5:29  Probe  
  46  5:36  Probe  
  46  5:42  Robotics Bay  
Show
View Real Time Build Order
Export as new Build Order

Wellmet Terran - Winner!

Build Orders:  

Get SALT Encoding   

  12  0:01  SCV  
  13  0:13  SCV  
  14  0:18  Supply Depot  
  14  0:25  SCV  
  15  0:40  SCV  
  15  0:42  Barracks  
  16  0:46  Refinery  
  16  0:52  SCV  
  17  1:04  SCV  
  18  1:16  SCV  
  19  1:28  SCV  
  19  1:31  Marine  
  21  1:36  Bunker  
  21  1:41  Orbital Command  
  21  1:50  Marine  
  22  2:08  Factory  
  22  2:09  SCV  
  23  2:17  Barracks Tech Lab  
  23  2:19  Supply Depot  
  23  2:40  SCV  
  24  2:44  Command Center  
  24  2:52  SCV  
  25  3:05  Supply Depot, Cyclone  
  25  3:06  SCV  
  25  3:10  Marine  
  30  3:17  Refinery  
  30  3:19  SCV  
  31  3:28  Marine  
  32  3:34  SCV  
  33  3:47  SCV  
  34  3:50  Command Center  
  34  3:54  Cyclone  
  37  4:00  Orbital Command  
  37  4:06  SCV  
  37  4:11  Barracks Tech Lab  
  37  4:14  Barracks  
  37  4:18  SCV  
  37  4:22  Orbital Command  
  38  4:27  Barracks  
  38  4:33  SCV  
  38  4:37  Factory Reactor  
  39  4:45  SCV, Marine  
  40  4:50  SCV  
  40  4:52  Bunker  
  42  4:57  SCV  
  43  5:02  SCV  
  43  5:04  Orbital Command  
  44  5:09  SCV  
  44  5:14  SCV  
  46  5:15  Marine  
  46  5:20  Starport  
  48  5:21  SCV  
  48  5:22  Factory Reactor  
  48  5:23  Marauder  
  48  5:26  SCV  
  51  5:28  Marine  
  51  5:29  Marine  
  51  5:31  SCV, Refinery  
  54  5:35  SCV  
  54  5:42  SCV  
Tags
 
Add a new tag
Caveats
  • Supply blocks, unpowered buildings, or Contaminate may cause inaccurate times.
  • Supply counts are checked every 10 seconds.